 Dungeon Crawl Stone Soup version 0.28.0-45-g0d030f2227 (webtiles) character file.

Game seed: 14571560806040042203

179 dohliylev the Sneak (level 5, 0/25 HPs)
             Began as a Spriggan Enchanter on May 9, 2022.
             Killed by divine providence
             ... invoked by an orc priest
              (13 damage)
             ... on level 3 of the Dungeon.
             The game lasted 00:10:43 (3515 turns).

dohliylev the Sneak (Spriggan Enchanter)            Turns: 3515, Time: 00:10:44

Health: 0/25       AC:  2    Str:  4    XL:     5   Next: 33%
Magic:  6/11       EV: 17    Int: 21    God:
Gold:   94         SH:  0    Dex: 16    Spells: 6/11 levels left

rFire   . . .      SeeInvis +   k - +9 dagger of Uskayaw's Inspiration {holy, rElec Int+3}
rCold   . . .      Faith    .   (no shield)
rNeg    . . .      Spirit   .   b - +0 robe
rPois   .          Reflect  .   (helmet restricted)
rElec   +          Harm     .   (no cloak)
rCorr   .          Rampage  .   (gloves unavailable)
Will    .....                   (boots unavailable)
Stlth   +++.......              (no amulet)
HPRegen 0.08/turn               g - ring of flight
MPRegen 0.12/turn               (no ring)

@: flying, very quick
A: very small, no large weapons, unfitting armour, see invisible, speed 3
a: no special abilities


You were on level 3 of the Dungeon.
You visited 1 branch of the dungeon, and saw 3 of its levels.

You collected 94 gold pieces.

Inventory:

Hand Weapons
 k - the +9 dagger of Uskayaw's Inspiration (weapon) {holy, rElec Int+3}
   (You found it on level 2 of the Dungeon)

   It has been blessed by the Shining One to cause great damage to the undead
   and demons.
   Int:       It affects your intelligence (+3).
   rElec:     It insulates you from electricity.
Armour
 b - a +0 robe (worn)
Magical Staves
 l - a staff of earth
Jewellery
 g - a ring of flight (left hand)
Wands
 j - a wand of polymorph (6)
Scrolls
 f - a scroll of vulnerability
 i - a scroll of identify
Potions
 a - a potion of lignification {unknown}
 c - a potion of mutation {unknown}
 e - a potion of heal wounds {unknown}
 h - a potion of attraction {unknown}


   Skills:
 + Level 0.3 Fighting
 + Level 1.7 Short Blades
 + Level 3.1 Dodging
 + Level 6.5 Stealth
 + Level 3.9 Spellcasting
 + Level 4.5 Hexes
 + Level 1.1 Ice Magic


You had 6 spell levels left.
You knew the following spells:

 Your Spells              Type           Power      Damage    Failure   Level
a - Ensorcelled Hibernat  Hex/Ice        32%        N/A       6%          2
b - Confusing Touch       Hex            23%        N/A       5%          3

Your spell library contained the following spells:

 Spells                   Type           Power      Damage    Failure   Level
 Tukima's Dance           Hex            23%        N/A       5%          3
 Dazzling Flash           Conj/Hex       26%        N/A       14%         3
 Yara's Violent Unravell  Hex/Tmut       6%         3d5       80%         5
 Enfeeble                 Hex            11%        N/A       100%        7


Dungeon Overview and Level Annotations

Branches:
Dungeon (3/15)

Altars:

Shops:
D:1 [


Innate Abilities, Weirdness & Mutations

You are very small and have problems with some larger weapons.
You are too small for most types of armour.
You have supernaturally acute eyesight. (SInv)
You cover ground extremely quickly. (Speed+++)


Message History

An orc wizard comes into view. It is wielding a +0 dagger.
The orc wizard shouts!
You hear a shout!
An orc comes into view. It is wielding a +0 trident.
You hear a shout!
Casting: Ensorcelled Hibernation (safe; 6% risk of failure)
Confirm with . or Enter, or press ? or * to list all spells.
Aiming: Ensorcelled Hibernation (safe; 6% risk of failure)
Press: ? - help, Shift-Dir - straight line, f - orc wizard
Aim: an orc wizard, wielding a +0 dagger and wearing a +0 robe (chance to affect: 49%)
The orc wizard looks drowsy...
A dart slug comes into view.
An orc comes into view. It is wielding a +0 hand axe.
The helpless orc wizard fails to defend itself.
You impale the orc wizard!!
You kill the orc wizard!
An orc priest comes into view. It is wielding a +0 trident.
Casting: Ensorcelled Hibernation (safe; 6% risk of failure)
Confirm with . or Enter, or press ? or * to list all spells.
Aiming: Ensorcelled Hibernation (safe; 6% risk of failure)
Press: ? - help, Shift-Dir - straight line, f - orc
Aim: an orc, wielding a +0 hand axe (chance to affect: 67%)
Okay, then.
Casting: Ensorcelled Hibernation (safe; 6% risk of failure)
Confirm with . or Enter, or press ? or * to list all spells.
Aiming: Ensorcelled Hibernation (safe; 6% risk of failure)
Press: ? - help, Shift-Dir - straight line, f - orc
Aim: an orc, wielding a +0 hand axe (chance to affect: 67%)
The orc struggles to resist.
The orc priest mumbles some strange prayers to Beogh against you.
Beogh smites you!
Casting: Ensorcelled Hibernation (safe; 6% risk of failure)
Confirm with . or Enter, or press ? or * to list all spells.
Aiming: Ensorcelled Hibernation (safe; 6% risk of failure)
Press: ? - help, Shift-Dir - straight line, f/p - orc
Aim: an orc, wielding a +0 hand axe (chance to affect: 67%)
The orc looks drowsy...
The orc priest calls down the wrath of Beogh upon you.
Beogh smites you!
Ouch! That really hurt!
You die...

#..##.##...# #.#
#.# .........##
#.# #.#
.##.#.....# #.#
#.#
#.#..[#.#######.#
#.#
.................#
#.#
####.#.#.########
#(....# ###.###
#@# #####.#
#.....# #.###o#
#.# #w# #)# o.#
.##.


You could see an orc priest, a dart slug and an orc (asleep).

Vanquished Creatures
  Jessica (D:2)
  An orc wizard (D:3)
  Terence (D:2)
  Robin (D:2)
  3 adders (D:2)
  A dart slug (D:1)
  2 orcs
  3 ball pythons
  6 bats
  2 endoplasms (D:1)
  3 giant cockroaches
  7 goblins
  10 hobgoblins
  3 jackals (D:2)
  3 kobolds
  3 quokkas
  2 frilled lizards (D:2)
  2 rats
54 creatures vanquished.

Notes
Turn   | Place    | Note
-------+----------+-------------------------------------------
     0 | D:1      | dohliylev the Spriggan Enchanter began the quest for the
                  | Orb.
     0 | D:1      | Reached XP level 1. HP: 9/9 MP: 5/5
   242 | D:2      | Noticed Jessica
   555 | D:1      | Reached XP level 2. HP: 11/13 MP: 6/6
   885 | D:1      | Learned a level 2 spell: Ensorcelled Hibernation
  1001 | D:1      | Reached skill level 5 in Stealth
  1059 | D:1      | Found Unipon's Antique Armour Emporium.
  1779 | D:1      | Reached XP level 3. HP: 16/16 MP: 8/8
  2040 | D:2      | Identified the +9 dagger of Uskayaw's Inspiration {holy,
                  | rElec Int+3}
  2050 | D:2      | Noticed Terence
  2380 | D:2      | Killed Jessica
  2381 | D:2      | Reached XP level 4. HP: 21/21 MP: 0/10
  2488 | D:2      | Killed Terence
  2489 | D:2      | Reached skill level 6 in Stealth
  2489 | D:2      | Reached skill level 1 in Ice Magic
  2588 | D:2      | Learned a level 3 spell: Confusing Touch
  2759 | D:2      | Noticed Robin
  2886 | D:2      | Killed Robin
  3043 | D:2      | Reached XP level 5. HP: 20/24 MP: 11/11
  3515 | D:3      | Killed from afar by an orc priest

Illustrated notes

Levels and vault maps discovered:
D:1:      saegor_arrival_miasma, layout_loops_cross, serial_shops,
          nicolae_lakefront_shop, minmay_strange_pillars
D:2:      layout_loops_ring, nicolae_concentric_dashed_squares_wild,
          uniq_jessica, uniq_terence, uniq_robin
D:3:      minmay_diamond_boxcup, layout_loops_ring, serial_glass,
          glass_columns_a, glass_columns_c,
          shapermc_ecumenical_altar_mp_ritualfount, uniq_sigmund, uniq_grinder,
          uniq_natasha

Skill      XL: |  1  2  3  4 |
---------------+-------------+-----
Stealth        | 5 6 |  6.5
Hexes          | 4 |  4.5
Spellcasting   | 3 |  3.9
Dodging        | 3 |  3.1
Ice Magic      | 1 |  1.1
Fighting       | |  0.3
Short Blades   | |  1.7

Action                   |  1- 3 |  4- 6 || total
-------------------------+-------+-------++-------
Melee: Dagger            |    69 |    35 ||   104
 Cast: Ensorcelled Hiber |    23 |    10 ||    33
       Confusing Touch   |       |     1 ||     1
  Use: Potion            |     2 |       ||     2
       Scroll            |     1 |       ||     1
 Stab: Sleeping          |    20 |    11 ||    31
       Invisible         |     5 |       ||     5
Armor: Robe              |     5 |     1 ||     6
Dodge: Dodged            |    62 |    18 ||    80
